Map: Cyber Forest LE

Players

Dada

  • Race: Terran Terran
  • Spawn Location: 5:00

VOD

Have the link to the VOD?

Description

Time

  • Played on: July 11, 2019, 9:09 p.m.
  • Length: 26:47
Show
View Real Time Build Order
Export as new Build Order

Dada Terran 

Build Orders:  

Get SALT Encoding   

  12  0:05  SCV  
  13  0:22  SCV  
  14  0:35  Supply Depot  
  14  0:39  SCV  
  15  0:47  Refinery  
  15  1:05  Supply Depot  
  15  1:22  Barracks  
  15  1:25  SCV  
  16  1:50  Supply Depot  
  16  1:57  SCV  
  17  2:14  SCV  
  18  2:40  Barracks Reactor  
  17  2:50  Ghost Academy  
  17  3:01  Barracks  
  17  3:12  SCV  
  18  3:26  Refinery  
  18  3:29  SCV  
  19  3:48  Marine x2  
  21  4:11  Barracks Tech Lab  
  21  4:13  Marine x2  
  21  4:15  SCV  
  24  4:38  Marine x2  
  24  4:39  Supply Depot  
  26  4:52  Ghost  
  28  5:14  Orbital Command  
  28  5:18  Marine  
  29  5:36  Supply Depot  
  29  5:57  Ghost  
  31  6:15  Factory  
  31  6:33  Marine  
  31  6:34  Marine  
  33  6:58  Marine x2  
  35  7:03  Ghost  
  37  7:11  SCV  
  38  7:21  Factory Tech Lab  
  38  7:23  Marine x2  
  38  7:28  SCV  
  41  7:45  SCV  
  42  7:58  Ghost  
  42  7:59  Marine  
  45  8:00  Marine  
  46  8:18  Supply Depot  
  46  8:24  Marine x2  
  48  8:38  Ghost  
  50  8:49  Marine x2  
  52  9:14  Marine x2  
  52  9:15  SCV  
  55  9:22  Siege Tank  
  58  9:45  Ghost  
  60  9:51  Command Center  
  60  10:03  SCV  
  61  10:12  Supply Depot  
  64  10:43  Supply Depot  
  54  11:22  Ghost  
  53  11:48  Refinery  
  51  12:02  Ghost  
  53  12:19  Unknown  
  50  12:42  Ghost  
  49  13:14  Marine x2  
  48  13:22  Ghost  
  41  13:31  Starport  
  41  13:39  Marine x2  
  36  14:02  Ghost  
  36  14:04  Marine x2  
  42  14:42  Ghost  
  42  14:43  Starport Tech Lab  
  42  14:49  Fusion Core  
  44  14:59  Marine x2  
  44  15:13  Engineering Bay  
  44  15:22  Ghost  
  44  15:23  Marine  
  44  15:24  Marine  
  48  15:31  Unknown  
  48  15:45  Siege Tank  
  48  15:48  Marine  
  48  15:49  Marine  
  53  16:01  Ghost, Missile Turret  
  55  16:13  Marine  
  55  16:14  Marine  
  57  16:23  Battlecruiser  
  57  16:29  Missile Turret  
  63  16:38  Marine  
  63  16:39  Marine  
  65  16:41  Ghost  
  67  16:56  Missile Turret  
  67  17:03  Marine x2  
  63  17:21  Ghost  
  63  17:23  Missile Turret  
  63  17:25  Unknown  
  63  17:28  Marine x2  
  57  17:36  Unknown  
  44  17:51  Missile Turret  
  44  17:53  Raven, Marine x2  
  47  18:01  Ghost  
  48  18:32  Marine  
  48  18:33  Marine  
  48  18:41  Ghost  
  48  18:57  Marine  
  48  18:58  Marine  
  48  19:21  Ghost  
  48  19:22  Marine  
  48  19:23  Marine  
  52  19:47  Marine  
  52  19:48  Marine  
  40  20:01  Ghost  
  42  20:12  Marine  
  42  20:13  Marine  
  48  20:48  Unknown  
  48  21:05  Banshee  
  45  21:14  Siege Tank  
  48  21:59  Siege Tank  
  51  22:00  Ghost  
  51  22:02  Marine  
  51  22:03  Marine  
  51  22:04  Banshee  
  58  22:11  Refinery  
  58  22:27  Marine  
  58  22:28  Marine  
  60  22:33  SCV  
  61  22:40  Ghost  
  63  22:52  Marine  
  63  22:53  Marine  
  68  23:17  Marine  
  68  23:18  Marine  
  73  23:20  Ghost  
  75  23:42  Marine x2  
  75  23:44  Battlecruiser  
  77  24:00  Ghost  
  77  24:07  Marine x2  
  77  24:09  Command Center  
  81  24:22  Missile Turret  
  81  24:32  Marine x2  
  81  24:33  Supply Depot  
  83  24:40  Ghost  
  85  24:57  Marine x2  
  87  25:04  Supply Depot  
  87  25:17  Siege Tank x3  
  87  25:22  Marine x2  
  89  25:34  Unknown  
  82  25:47  Marine x2  
  37  26:12  Marine x2  
Tags
 
Add a new tag
Caveats
  • Supply blocks, unpowered buildings, or Contaminate may cause inaccurate times.
  • Supply counts are checked every 10 seconds.